 Dungeon Crawl Stone Soup version 0.29.1-13-g9f3cf754e1 (webtiles) character file.

Game seed: 11835002836487728819

19127 TungstenYUNOMELT the Spear-Bearer (level 12, 0/89 HPs)
             Began as a Merfolk Summoner on Feb 6, 2023.
             Was an Initiate of Gozag.
             Slain by an eight-headed hydra (8 damage)
             ... on level 3 of the Lair of Beasts.
             The game lasted 01:01:52 (17876 turns).

TungstenYUNOMELT the Spear-Bearer (MfSu)           Turns: 17876, Time: 01:01:53

Health: 0/89       AC:  8    Str:  8    XL:     12   Next: 65%
Magic:  14/21      EV: 13    Int: 19    God:    Gozag
Gold:   1783       SH:  5    Dex: 15    Spells: 10/23 levels left

rFire   + . .      SeeInvis +   a - +5 demon trident of Ozeleiz {elec, SInv}
rCold   . . .      Faith    .   T - +0 buckler
rNeg    . . .      Spirit   .   U - +0 ring mail {rF+}
rPois   +          Reflect  .   D - +0 helmet
rElec   .          Harm     .   G - +0 cloak
rCorr   .          Rampage  .   (no gloves)
Will    .....                   E - +0 pair of boots
Stlth   ++........              F - amulet of the acrobat
HPRegen 0.24/turn               A - ring of wizardry
MPRegen 0.17/turn               C - ring of poison resistance

@: no status effects
A: (nimble swimmer 2), mertail
a: Renounce Religion, Potion Petition, Call Merchant, Bribe Branch


You were on level 3 of the Lair of Beasts.
You worshipped Gozag.
Gozag was most pleased with you.
You visited 3 branches of the dungeon, and saw 14 of its levels.

You collected 2241 gold pieces.
You spent 370 gold pieces at shops.
You paid 88 gold pieces to Gozag.

Inventory:

Hand Weapons
 a - the +5 demon trident of Ozeleiz (weapon) {elec, SInv}
   (You acquired it on level 5 of the Dungeon)

   It occasionally discharges a powerful burst of electricity upon striking a
   foe.
   SInv:      It lets you see invisible.
Missiles
 i - 5 boomerangs
 s - 28 poisoned darts (quivered)
 u - 10 javelins
 J - a throwing net {!f}
Armour
 j - the +1 kite shield of Depression {rF++ rC- rN+ SInv}
   (You acquired it on level 5 of the Dungeon)

   rF:        It greatly protects you from fire.
   rC:        It makes you vulnerable to cold.
   rN:        It protects you from negative energy.
   SInv:      It lets you see invisible.
 D - a +0 helmet (worn)
 E - a +0 pair of boots (worn)
 G - a +0 cloak (worn)
 T - a +0 buckler (worn)
 U - a +0 ring mail of fire resistance (worn)
Magical Staves
 q - a staff of poison
Jewellery
 e - the ring "Sahamo" {rF+++ rC+ Dex+3 Stlth+}
   (You acquired it on level 5 of the Dungeon)

   [ring of protection from cold]

   Dex:       It affects your dexterity (+3).
   rF:        It renders you almost immune to fire.
   rC:        It protects you from cold.
   Stlth:     It makes you more stealthy.
 v - an amulet of regeneration
 A - a ring of wizardry (left hand)
 C - a ring of poison resistance (right hand)
 F - an amulet of the acrobat (around neck)
 N - a ring of protection from cold
 S - an amulet of reflection
Wands
 b - a wand of roots (10)
 d - a wand of mindburst (16)
 f - a wand of flame (31)
 o - a wand of polymorph (1)
 M - a wand of digging (1)
Scrolls
 c - 4 scrolls of magic mapping
 m - 10 scrolls of teleportation
 n - 2 scrolls of enchant weapon
 p - a scroll of torment
 t - 3 scrolls of fear
 x - 2 scrolls of enchant armour
 y - a scroll of silence {unknown}
 B - 3 scrolls of amnesia
 I - 2 scrolls of poison
 L - 2 scrolls of butterflies
 P - 2 scrolls of immolation
 X - a scroll of vulnerability {unknown}
Potions
 g - 4 potions of lignification
 k - a potion of magic
 l - 4 potions of heal wounds
 r - 5 potions of curing
 z - a potion of brilliance
 H - 2 potions of attraction
 K - a potion of flight
 O - 2 potions of haste
 Q - a potion of ambrosia
 W - 3 potions of cancellation
 Z - 4 potions of might


   Skills:
 + Level 6.7 Fighting
 - Level 14.0 Polearms
 - Level 10.0 Dodging
 - Level 3.0 Stealth
 - Level 5.0 Shields
 + Level 6.3 Spellcasting
 - Level 5.0 Hexes
 - Level 10.0 Summonings
 - Level 5.0 Air Magic


You had 10 spell levels left.
You knew the following spells:

 Your Spells              Type           Power      Damage    Failure   Level
a - Summon Small Mammal   Summ           100%       N/A       1%          1
b - Call Imp              Summ           43%        N/A       1%          2
c - Call Canine Familiar  Summ           43%        N/A       1%          3
d - Summon Guardian Gole  Hex/Summ       34%        N/A       2%          3
e - Summon Lightning Spi  Summ/Air       34%        N/A       9%          4

Your spell library contained the following spells:

 Spells                   Type           Power      Damage    Failure   Level
 Slow                     Hex            96%        N/A       2%          1
 Shock                    Conj/Air       60%        1d6       6%          1
 Confusing Touch          Hex            24%        N/A       7%          3
 Swiftness                Air            24%        N/A       7%          3
 Ensorcelled Hibernation  Hex/Ice        30%        N/A       10%         2
 Airstrike                Air            12%        2d(2-18)  22%         4
 Passwall                 Tmut/Erth      4%         N/A       26%         2
 Conjure Flame            Conj/Fire      5%         6-21      45%         3
 Ignite Poison            Fire/Tmut/Pois 5%         N/A       45%         3
 Ozocubu's Armour         Ice            5%         N/A       45%         3
 Vampiric Draining        Necr           5%         2d6       45%         3
 Dispel Undead            Necr           5%         3d7       85%         4
 Sticky Flame             Conj/Fire      5%         2d3       85%         4
 Fireball                 Conj/Fire      2%         3d4       99%         5
 Iskenderun's Battlesphe  Conj           5%         2d6       99%         5
 Conjure Ball Lightning   Conj/Air       7%         3x3d6     100%        6
 Death Channel            Necr           2%         N/A       100%        6
 Orb of Destruction       Conj           2%         9d5       100%        7
 Ozocubu's Refrigeration  Ice            2%         4d8       100%        7
 Corpse Rot               Necr/Pois/Air  Unusable   N/A       N/A         4

Dungeon Overview and Level Annotations

Branches:
Dungeon (10/15)            Temple (1/1) D:5            Lair (3/5) D:9
 Spider (0/4) Lair:3
  Swamp: Lair:2-3    Shoals: Lair:2-3       Orc: D:9-12

Altars:
Ashenzari
Cheibriados
Dithmenos
Elyvilon
Fedhas
Gozag
Hepliaklqana
Kikubaaqudgha
Makhleb
Nemelex Xobeh
Okawaru
Qazlal
Ru
Sif Muna
Trog
Uskayaw
Vehumet
Wu Jian
Xom
Yredelemnul
Zin
The Shining One

Shops:
D:4 *   D:5 (   D:6 (   D:7 :   D:9 !

Annotations:
D:8 Maggie
Lair:1 3 runed translucent doors, Caczuus's ghost, novice SpEE


Innate Abilities, Weirdness & Mutations

((You are very nimble when in or above water. (Stealth+, EV+, Speed+++)))
Your lower body shifts to a powerful aquatic tail in water.


Message History

You block the eight-headed hydra's attack.
The eight-headed hydra bites you.
The eight-headed hydra bites you but does no damage.
The eight-headed hydra barely misses you.
The eight-headed hydra bites you but does no damage.
The eight-headed hydra bites you!
The eight-headed hydra closely misses you.
Your wolf barely misses the eight-headed hydra.
Your wolf bites the eight-headed hydra!
Your wolf wags its tail.
Your wolf bites the eight-headed hydra!
Your crimson imp hits the eight-headed hydra.
You hit the eight-headed hydra.
The eight-headed hydra is heavily wounded.
You block the eight-headed hydra's attack.
The eight-headed hydra bites you.
The eight-headed hydra bites you but does no damage.
The eight-headed hydra bites you.
The eight-headed hydra barely misses you.
The eight-headed hydra bites you!
You block the eight-headed hydra's attack.
The eight-headed hydra bites you but does no damage.
Your wolf bites the eight-headed hydra.
You puncture the eight-headed hydra!
The eight-headed hydra is severely wounded.
Your wolf bites the eight-headed hydra!
Your crimson imp hits the eight-headed hydra.
The eight-headed hydra bites you!
* * * LOW HITPOINT WARNING * * *
The eight-headed hydra bites you!
* * * LOW HITPOINT WARNING * * *
The eight-headed hydra barely misses you.
The eight-headed hydra bites you but does no damage.
The eight-headed hydra bites you.
* * * LOW HITPOINT WARNING * * *
The eight-headed hydra closely misses you.
You block the eight-headed hydra's attack.
The eight-headed hydra bites you!
You die...
Your body crumbles into a pile of gold.

§§.♣♣ ♣..............###
♣♣♣♣§§.♣♣ ♣..............##.
♣♣≈~§~...♣♣#.......<....##...
♣≈≈~~~~~♣♣♣.............#....
♣≈≈≈~~≈~~♣♣.................#
♣≈≈~~~~...♣♣#............####
♣♣♣♣♣♣...♣♣♣#........<..#.#
#.#..♣9...........#####
###...hD@......#.##
#####5.....##.## #.....#####
##..### ####


You could see an eight-headed hydra (ally target), a friendly guardian golem
(summoned), a friendly wolf (summoned, sheltered) and a friendly crimson imp
(summoned, sheltered).

Vanquished Creatures
  A hydra (Lair:3)
  A two-headed ogre (D:5)
  Urug (Lair:2)
  2 elephants (Lair:3)
  A black mamba (Lair:2)
  6 cane toads
  3 rime drakes
  5 komodo dragons
  3 blink frogs (Lair:1)
  A wyvern (D:9)
  A shadow (D:9)
  8 yaks
  3 steam dragons
  2 basilisks
  An acid dragon (D:6)
  2 water moccasins
  An ice beast (D:5)
  An orc warrior (D:8)
  A black bear (D:7)
  A centaur (D:6)
  6 wolves
  4 bullfrogs
  2 kobold brigands (D:8)
  A necrophage (D:6)
  A scorpion (D:5)
  A gnoll sergeant (D:9)
  3 wights (D:8)
  Dowan (D:7)
  7 killer bees (D:8)
  An electric eel (Lair:2)
  2 jellies
  2 hounds
  A gnoll bouda (D:8)
  3 orc priests
  An iguana (D:5)
  4 orc wizards
  10 gnolls
  5 adders
  A white imp (D:7)
  An ufetubus (D:7)
  A worm (D:3)
  A dart slug (D:4)
  19 orcs
  2 ball pythons
  5 bats
  2 endoplasms
  A goblin (D:1)
  13 kobolds
  2 quokkas
  3 frilled lizards
  2 rats (D:2)
  A spectral goblin (D:1)
154 creatures vanquished.

Vanquished Creatures (collateral kills)
  An elephant (Lair:3)
  A cane toad (Lair:2)
  A komodo dragon (Lair:2)
  Grinder (D:5)
  2 blink frogs (Lair:1)
  4 yaks
  A steam dragon (D:8)
  A swamp worm (Lair:3)
  3 water moccasins
  A black bear (Lair:2)
  8 wolves
  2 bullfrogs
  A gnoll sergeant (D:7)
  A killer bee (D:8)
  2 howler monkeys (D:10)
  Crazy Yiuf (D:5)
  An orc priest (D:7)
  4 hounds
  A gnoll bouda (D:6)
  2 iguanas (D:5)
  6 adders
  7 gnolls
  A white imp (D:6)
  2 worms
  2 dart slugs
  6 orcs
  4 ball pythons
  2 bats
  5 endoplasms
  A giant cockroach (D:2)
  7 goblins
  3 hobgoblins
  6 jackals (D:4)
  A quokka (D:2)
  6 frilled lizards
  9 kobolds
  3 rats
110 creatures vanquished.

Vanquished Creatures (others)
  4 cane toads
  A komodo dragon (Lair:3)
  A yak (Lair:2)
  2 wyverns (D:9)
  2 basilisks
  A water moccasin (D:7)
  Duvessa (D:7)
  An orc warrior (D:7)
  2 wolves (Lair:1)
  8 killer bees (D:8)
  An orc priest (D:8)
  A gnoll bouda (D:8)
  An iguana (D:6)
  An orc (D:8)
  6 fungi
  22 plants
55 creatures vanquished.

Grand Total: 319 creatures vanquished

Notes
Turn   | Place    | Note
-------+----------+-------------------------------------------
     0 | D:1      | TungstenYUNOMELT the Merfolk Summoner began the quest for
                  | the Orb.
     0 | D:1      | Reached XP level 1. HP: 13/13 MP: 3/3
   347 | D:1      | Reached XP level 2. HP: 19/19 MP: 1/5
   498 | D:1      | Found a faded altar of an unknown god.
   756 | D:1      | Reached XP level 3. HP: 10/24 MP: 4/6
  1178 | D:1      | Learned a level 2 spell: Call Imp
  1227 | D:1      | Reached skill level 5 in Summonings
  1677 | D:2      | Learned a level 3 spell: Call Canine Familiar
  2037 | D:2      | Reached XP level 4. HP: 24/30 MP: 3/8
  2821 | D:2      | Reached skill level 1 in Fighting
  3137 | D:3      | Found a white marble altar of Elyvilon.
  4086 | D:4      | Reached XP level 5. HP: 38/38 MP: 4/9
  4778 | D:4      | Found Casyal's CLEARANCE SALE!.
  5132 | D:5      | Entered Level 5 of the Dungeon
  5137 | D:5      | Learned a level 3 spell: Summon Guardian Golem
  5167 | D:5      | Noticed an ice beast
  5191 | D:4      | Reached skill level 1 in Hexes
  5368 | D:5      | Found a snail-covered altar of Cheibriados.
  5502 | D:5      | Noticed Grinder
  5656 | D:5      | Identified 3 scrolls of acquirement
  5658 | D:5      | Acquired the ring "Sahamo" {rF+++ rC+ Dex+3 Stlth+}
  5660 | D:5      | Acquired the +5 demon trident of Ozeleiz {elec, SInv}
  5662 | D:5      | Acquired the +1 kite shield of Depression {rF++ rC- rN+
                  | SInv}
  5787 | D:5      | Reached XP level 6. HP: 47/47 MP: 9/11
  5802 | D:5      | Killed an ice beast
  5803 | D:5      | Reached skill level 1 in Polearms
  5863 | D:5      | Paralysed by Grinder for 4 turns
  5879 | D:5      | Killed Grinder
  5880 | D:5      | Reached skill level 2 in Polearms
  5880 | D:5      | Reached XP level 7. HP: 52/52 MP: 3/12
  6068 | D:5      | Found a runed translucent door.
  6069 | D:5      | Noticed Crazy Yiuf
  6080 | D:5      | Killed Crazy Yiuf
  6081 | D:5      | Reached skill level 3 in Polearms
  6225 | D:5      | Found Urriq's Weapon Emporium.
  6227 | D:5      | Noticed a two-headed ogre
  6327 | D:5      | Learned a level 4 spell: Summon Lightning Spire
  6490 | D:5      | Found a staircase to the Ecumenical Temple.
  6507 | Temple   | Entered the Ecumenical Temple
  6563 | Temple   | Became a worshipper of Gozag Ym Sagoz the Greedy
  6935 | D:5      | Killed a two-headed ogre
  6936 | D:5      | Reached skill level 5 in Polearms
  6936 | D:5      | Reached skill level 5 in Spellcasting
  6936 | D:5      | Reached XP level 8. HP: 58/58 MP: 11/15
  7277 | D:6      | Found a glowing golden altar of the Shining One.
  7351 | D:6      | Reached skill level 6 in Polearms
  7355 | D:6      | Reached skill level 5 in Hexes
  7508 | D:6      | Reached XP level 9. HP: 63/63 MP: 12/16
  7830 | D:6      | Found Viagir's Antique Weapon Shoppe.
  8023 | D:7      | Found Van Yse's Book Boutique.
  8065 | D:7      | Reached skill level 7 in Polearms
  8148 | D:7      | Reached skill level 1 in Air Magic
  8254 | D:7      | Found a glowing silver altar of Zin.
  8312 | D:7      | Noticed Dowan
  8313 | D:7      | Noticed Duvessa
  8814 | D:7      | Killed Duvessa
  8826 | D:7      | Killed Dowan
  8920 | D:7      | Reached skill level 8 in Polearms
  9066 | D:7      | Found an iron altar of Okawaru.
  9351 | D:8      | Found a broken altar of Ashenzari.
  9397 | D:8      | Reached skill level 1 in Shields
  9740 | D:8      | Found a sparkling altar of Nemelex Xobeh.
  9742 | D:8      | Found a shimmering blue altar of Sif Muna.
  9744 | D:8      | Found a basalt altar of Yredelemnul.
  9850 | D:8      | Reached skill level 9 in Polearms
  9850 | D:8      | Reached XP level 10. HP: 53/70 MP: 13/17
 10643 | D:8      | Found a sacrificial altar of Ru.
 11075 | D:8      | Found a radiant altar of Vehumet.
 11076 | D:8      | Found a hide-covered altar of Uskayaw.
 11076 | D:8      | Noticed Maggie
 11828 | D:9      | Reached skill level 10 in Polearms
 12278 | D:9      | Found Iwnuruh's Distillery.
 12289 | D:9      | Bought a potion of might for 40 gold pieces
 12289 | D:9      | Bought a potion of heal wounds for 50 gold pieces
 12289 | D:9      | Bought a potion of curing for 30 gold pieces
 12289 | D:9      | Bought a potion of cancellation for 80 gold pieces
 12289 | D:9      | Bought a potion of attraction for 30 gold pieces
 12289 | D:9      | Bought a potion of lignification for 30 gold pieces
 12289 | D:9      | Bought a potion of lignification for 30 gold pieces
 12289 | D:9      | Bought 2 potions of might for 80 gold pieces
 12714 | D:9      | Reached XP level 11. HP: 62/75 MP: 14/18
 12831 | D:9      | Reached skill level 10 in Summonings
 13086 | D:9      | Found a staircase to the Lair.
 13182 | D:10     | Entered Level 10 of the Dungeon
 13351 | D:10     | Noticed a two-headed ogre
 13356 | D:10     | Reached skill level 5 in Air Magic
 13359 | D:10     | Reached skill level 5 in Shields
 13632 | Lair:1   | Entered Level 1 of the Lair of Beasts
 13687 | Lair:1   | Reached skill level 11 in Polearms
 14020 | Lair:1   | Reached skill level 12 in Polearms
 14127 | Lair:1   | Reached skill level 13 in Polearms
 14271 | Lair:1   | Reached skill level 14 in Polearms
 14545 | Lair:1   | Found a runed translucent gate.
 14548 | Lair:1   | Found a runed translucent gate.
 14548 | Lair:1   | Noticed a nine-headed hydra
 14552 | Lair:1   | Noticed Caczuus's ghost (novice SpEE)
 14552 | Lair:1   | Noticed a 12-headed hydra
 14553 | Lair:1   | Found a runed translucent gate.
 15150 | Lair:2   | Reached skill level 5 in Dodging
 15169 | Lair:1   | Reached skill level 5 in Fighting
 15323 | Lair:2   | Reached XP level 12. HP: 65/86 MP: 8/19
 15886 | Lair:2   | Noticed Urug
 15905 | Lair:2   | Killed Urug
 16705 | Lair:3   | Noticed a seven-headed hydra
 16763 | Lair:3   | Reached skill level 10 in Dodging
 16795 | Lair:3   | Noticed an eight-headed hydra
 17205 | Lair:3   | Killed an eight-headed hydra
 17308 | Lair:3   | Found a hole to the Spider Nest.
 17430 | Lair:3   | Identified the +8 arbalest of Iwnet {freeze, rF++ Int+4
                  | Dex-2}
 17862 | Lair:3   | Noticed an eight-headed hydra
 17876 | Lair:3   | Slain by an eight-headed hydra

Illustrated notes

Levels and vault maps discovered:
D:1:      psy_arrival_basics, layout_basic,
          dreamdust_ecumenical_altar_drowned_temple, minivault_27,
          lexackson_kobold_supper
D:2:      layout_loops_cross, kennysheep_cross_room
D:3:      layout_loops_ring, mainiacjoe_overflow_chevrons
D:4:      layout_basic, nicolae_shop_clearance
D:5:      layout_rooms, cheibriados_altar_1, minmay_temple_entry_junction,
          serial_shops, nicolae_shop_bloodbath_and_beyond, uniq_grinder,
          uniq_crazy_yiuf_cottage
D:6:      layout_basic, nicolae_tso_swordbearing_angel, serial_shops,
          nicolae_shop_waterfront
D:7:      layout_gridville, marbit_many_paths, okawaru_metal_pillars_1_2,
          serial_shops, shop, uniq_duvessa
D:8:      layout_loops_corners, mainiacjoe_overflow_tiny_flanked,
          nicolae_overflow_hidden_temple, cheibrodos_ashenzari_chains,
          uniq_maggie
D:9:      layout_basic, erik_lair_dragon, serial_shops, shop
D:10:     layout_cave_pools, serial_rivers, chequers_serial_rivers_large_b,
          chequers_serial_rivers_room_a, chequers_serial_rivers_marsh,
          chequers_serial_rivers_large_a, chequers_serial_rivers_small_3,
          chequers_serial_rivers_room_b, uniq_sonja, uniq_grum
Temple:   jpeg_temple_alley_garden
Lair:1:   layout_cave_pods, gammafunk_ghost_hydra_chop, beast_lair_carwin_10
Lair:2:   layout_cave_pods, grunt_megastairs_3, infiniplex_staircase_pool,
          uniq_urug
Lair:3:   layout_cave_pods, palyth_hydra_swamp_entry,
          spider_nest_entry_web_field, special_room [special_room_bee]

Skill      XL: |  1  2  3  4  5  6  7  8  9 10 11 12 |
---------------+-------------------------------------+-----
Summonings     | 5 6 7 8 9 10 | 10.0
Spellcasting   | 3 5 6 |  6.3
Fighting       | 2 3 5 6 |  6.7
Hexes          | 1 2 4 5 |  5.0
Polearms       | 2 5 6 9 10 14 | 14.0
Air Magic      | 3 4 5 |  5.0
Shields        | 1 4 5 |  5.0
Dodging        | 6 10 | 10.0
Stealth        | 3 |  3.0

Action                   |  1- 3 |  4- 6 |  7- 9 | 10-12 || total
-------------------------+-------+-------+-------+-------++-------
Melee: Dagger            |    20 |       |       |       ||    20
       Short sword       |    15 |       |       |       ||    15
       Staff             |     9 |     7 |       |       ||    16
       Spear             |       |    79 |       |       ||    79
       Demon trident     |       |     7 |   132 |   310 ||   449
       Tailslap          |       |       |       |     1 ||     1
 Fire: Sling             |       |     2 |       |       ||     2
Throw: Stone             |     4 |     2 |     2 |     2 ||    10
       Dart              |       |       |       |     1 ||     1
 Cast: Summon Small Mamm |    46 |    48 |    20 |    18 ||   132
       Call Imp          |     4 |    27 |    11 |    29 ||    71
       Call Canine Famil |       |     7 |    21 |    42 ||    70
       Summon Guardian G |       |       |    15 |    45 ||    60
       Summon Lightning  |       |       |       |    27 ||    27
Evoke: Wand              |       |       |       |     3 ||     3
  Use: Scroll            |       |     9 |     4 |    12 ||    25
       Potion            |       |     1 |     1 |     1 ||     3
 Stab: Distracted        |     1 |       |       |    11 ||    12
       Sleeping          |     1 |     3 |     6 |     1 ||    11
Armor: Robe              |    11 |    10 |    17 |    16 ||    54
       Skin              |       |     1 |       |       ||     1
       Ring mail         |       |       |       |    26 ||    26
Dodge: Dodged            |    25 |    54 |    72 |   106 ||   257
Block: Buckler           |       |       |     3 |    54 ||    57
